 Dungeon Crawl Stone Soup version 0.29-a0-384-g6960b1960d (webtiles) character file.

Game seed: 16099534589314394745

10458 markstv82 the Frost Mage (level 11, 0/78 HPs)
             Began as a Human Ice Elementalist on May 6, 2022.
             Was an Elder of Ashenzari.
             Slain by a hell knight
             ... wielding a +1 scimitar of flaming
              (16 damage)
             ... in a volcano on May 8, 2022.
             The game lasted 03:01:42 (11849 turns).

markstv82 the Frost Mage (Human Ice Elementalist)  Turns: 11849, Time: 03:01:50

Health: 0/78       AC: 20    Str:  8    XL:     11   Next: 93%
Magic:  0/33       EV: 15    Int: 19    God:    Ashenzari [****..]
Gold:   651        SH:  0    Dex: 15    Spells: 28/35 levels left

rFire   . . .      SeeInvis +   H - +2 hand axe "I Knew You'd Do That" {flame, Evo, Comp} (curse)
rCold   . . .      Faith    .   (no shield)
rNeg    . . .      Spirit   +   v - +0 robe of Panopticon {SInv Archmagi, Evo, Alch} (curse)
rPois   .          Reflect  .   (no helmet)
rElec   .          Harm     .   M - +2 cloak "Bound Together" {Self, Comp} (curse)
rCorr   .          Rampage  .   O - +0 pair of gloves "Eternal Lethargy" {Evo, Bglg} (curse)
Will    +....      Archmagi +   (no boots)
Stlth   +++....... Clarity  +   i - amulet "Astral Vision" {Spirit, Bglg, Fort} (curse)
HPRegen 0.23/turn               d - ring of Ashenzari's Vision {MP+9, Bglg, Fort} (curse)
MPRegen 0.23/turn               s - ring "Gloom of Ashenzari" {AC+4, Cun, Alch} (curse)

@: ice-armoured, freezing walls
A: low MP 1, strong-willed 1
a: Renounce Religion, Curse Item, Shatter the Chains


You were in a volcano.
You worshipped Ashenzari.
Ashenzari was greatly pleased with you.
You visited 3 branches of the dungeon, and saw 12 of its levels.
You also visited: Volcano.

You collected 651 gold pieces.

Inventory:

Hand Weapons
 j - a +2 scimitar of draining
 m - a +2 shortbow of flaming
 y - a +2 spear of venom
 B - a +1 flail of protection
 H - the cursed +2 hand axe "I Knew You'd Do That" (weapon) {flame, Evo, Comp}
   (You took it off an orc on level 5 of the Dungeon)

   It burns those it strikes, dealing additional fire damage.
   Big, fiery blades are also staple armaments of hydra-hunters.
   It has a curse which improves the following skills: Evocations: Evocations.
   Companions: Summonings and Necromancy.
 L - a +2 quarterstaff of chaos
 N - a +3 mace of freezing
Missiles
 f - 269 stones
 t - 13 poisoned darts (quivered)
 I - 4 boomerangs
 U - 3 throwing nets
Armour
 c - +0 steam dragon scales
 v - the cursed +0 robe of Panopticon (worn) {SInv Archmagi, Evo, Alch}
   (You found it on level 3 of the Dungeon)

   SInv:      It lets you see invisible.
   Archmagi:  It increases the power of your magical spells.
   It has a curse which improves the following skills: Evocations: Evocations.
   Alchemy:   Poison Magic and Transmutations.
 M - the cursed +2 cloak "Bound Together" (worn) {Self, Comp}
   (You took it off Crazy Yiuf on level 6 of the Dungeon)

   It has a curse which improves the following skills: Introspection: Fighting
   and Spellcasting.
   Companions: Summonings and Necromancy.
 O - the cursed +0 pair of gloves "Eternal Lethargy" (worn) {Evo, Bglg}
   (You found it on level 8 of the Dungeon)

   It has a curse which improves the following skills: Evocations: Evocations.
   Beguiling: Conjurations, Hexes and Translocations.
Jewellery
 d - the cursed ring of Ashenzari's Vision (left hand) {MP+9, Bglg, Fort}
   (You found it on level 1 of the Dungeon)

   [ring of magical power]

   MP:        It affects your magic capacity (+9).
   It has a curse which improves the following skills: Beguiling: Conjurations,
   Hexes and Translocations.
   Fortitude: Armour and Shields.
 g - a ring of magical power
 i - the cursed amulet "Astral Vision" (around neck) {Spirit, Bglg, Fort}
   (You found it on level 2 of the Dungeon)

   [amulet of guardian spirit]

   It causes incoming damage to be divided between your reserves of health and
   magic.
   It has a curse which improves the following skills: Beguiling: Conjurations,
   Hexes and Translocations.
   Fortitude: Armour and Shields.
 s - the cursed ring "Gloom of Ashenzari" (right hand) {AC+4, Cun, Alch}
   (You found it on level 2 of the Dungeon)

   [ring of protection]

   AC:        It affects your AC (+4).
   It has a curse which improves the following skills: Cunning: Dodging and
   Stealth.
   Alchemy:   Poison Magic and Transmutations.
 x - a ring of protection from cold
Wands
 p - a wand of acid (10)
 C - a wand of mindburst (7)
 D - a wand of digging (4)
 G - a wand of flame (2)
 S - a wand of charming (10)
Scrolls
 a - 2 scrolls of vulnerability
 h - 2 scrolls of torment
 k - 4 scrolls of fear
 n - 5 scrolls of teleportation
 u - 6 scrolls of magic mapping
 w - a scroll of fog
 z - a scroll of noise
 F - 2 scrolls of silence
 K - a scroll of summoning
 R - a scroll of poison
Potions
 b - 3 potions of magic
 e - 6 potions of curing
 l - 5 potions of berserk rage
 o - 3 potions of lignification
 q - 2 potions of haste
 r - 2 potions of degeneration
 E - a potion of flight
 Q - a potion of resistance
 T - 2 potions of might


   Skills:
 + Level 2.8(4.4) Fighting
 + Level 0.4 Short Blades
 + Level 5.0 Axes
 + Level 3.8 Throwing
 + Level 4.3(6.2) Dodging
 + Level 5.0(6.9) Stealth
 + Level 10.7(12.6) Spellcasting
 + Level 11.1 Ice Magic
 + Level 0.8(2.7) Evocations


You had 28 spell levels left.
You knew the following spells:

 Your Spells              Type           Power      Damage    Failure   Level
a - Freeze                Ice            100%       1d11      1%          1
b - Frozen Ramparts       Ice            100%       1d12      1%          3
c - Ozocubu's Armour      Ice            69%        N/A       1%          3

Your spell library contained the following spells:

 Spells                   Type           Power      Damage    Failure   Level
 Beastly Appendage        Tmut           40%        N/A       4%          1
 Shock                    Conj/Air       76%        1d7       4%          1
 Summon Small Mammal      Summ           80%        N/A       4%          1
 Hailstorm                Conj/Ice       50%        3d11      4%          4
 Wereblood                Tmut           20%        N/A       8%          2
 Call Canine Familiar     Summ           20%        N/A       14%         3
 Gell's Gravitas          Tloc           21%        N/A       14%         3
 Spider Form              Tmut/Pois      20%        N/A       14%         3
 Summon Guardian Golem    Hex/Summ       20%        N/A       14%         3
 Teleport Other           Tloc           21%        N/A       14%         3
 Swiftness                Air            18%        N/A       17%         3
 Airstrike                Air            9%         N/A       50%         4
 Dispersal                Tloc           10%        N/A       100%        6


Dungeon Overview and Level Annotations

Branches:
Dungeon (10/15)            Temple (1/1) D:7            Lair (1/6) D:10
    Orc (0/2) D:10        Volcano (1/1)

Altars:
Ashenzari
Cheibriados
Dithmenos
Elyvilon
Fedhas
Gozag
Hepliaklqana
Kikubaaqudgha
Makhleb
Nemelex Xobeh
Okawaru
Qazlal
Ru
Sif Muna
Trog
Uskayaw
Vehumet
Wu Jian
Xom
Yredelemnul
Zin
The Shining One

Shops:
D:5 [   D:6 (

Annotations:
D:3 Natasha


Innate Abilities, Weirdness & Mutations

Your magical capacity is low. (-10% MP)
You are strong-willed. (Will+)


Message History

The yaktaur unwields a +0 arbalest of flaming.
It stops flaming.
The yaktaur completely misses you.
You hit the hell knight but do no damage.
The hell knight is lightly wounded.
You barely miss the yaktaur.
The wall freezes the hell knight!
The hell knight hits you with a +1 scimitar of flaming!
The hell knight burns you.
Casting: Frozen Ramparts (safe; 1% risk of failure)
Confirm with . or Enter, or press ? or * to list all spells.
You feel a surge of power! A film of ice covers your body!
The wall freezes the yaktaur.
The yaktaur closely misses you.
The wall freezes the hell knight!
The hell knight hits you with a +1 scimitar of flaming!!
The hell knight burns you!
* * * LOW HITPOINT WARNING * * *
The heat melts your icy armour.
Aiming: Mindburst
Press: ? - help, Shift-Dir - straight line, f - hell knight
Aim: a hell knight, wielding a +1 scimitar of flaming and wearing a +2 chain mail of fire resistance (moderately wounded, chance to affect: 59%)
Okay, then.
You hit the hell knight but do no damage.
The hell knight is moderately wounded.
You hit the yaktaur but do no damage.
There is a rumble as the volcano erupts.
The roof shakes.
The wall freezes the yaktaur.
The yaktaur hits you.
* * * LOW HITPOINT WARNING * * *
The wall freezes the hell knight.
The hell knight mumbles some strange prayers to its god.
The hell knight seems to speed up.
Aiming: Charm
Press: ? - help, Shift-Dir - straight line, f - hell knight
Aim: a hell knight, wielding a +1 scimitar of flaming and wearing a +2 chain mail of fire resistance (moderately wounded, fast, chance to affect: 37%)
Okay, then.
You hit the hell knight.
The hell knight is heavily wounded.
You hit the yaktaur. You burn the yaktaur.
The wall freezes the yaktaur.
The yaktaur hits you but does no damage.
The wall freezes the hell knight!
The hell knight hits you with a +1 scimitar of flaming!!
You die...

,,.#*#..* ## , **∩,
.##.# #)${* * * ,
#.#.##..#* ,* * {
####.#....#* , *
*∆∆...##...##* ,,
#####§§....## ,
######.§§.∩∩..###. ,
###.!)..###..........
#.∩!c@###.#.#..#####.,
####p###.#.#####*..*
###..[..### , .#*
##∩..###, ∩{,,$#
#.####** ,# ##* *, **


You could see a hell knight (fast) and a yaktaur.

Vanquished Creatures
  2 hydras
  Harold (D:9)
  2 two-headed ogres
  Pikel (D:4)
  Maurice (D:10)
  Maggie (D:8)
  A gargoyle (D:10)
  A cane toad (Lair:1)
  2 komodo dragons
  A hornet (D:10)
  A shadow (D:9)
  5 yaks (D:9)
  A steam dragon (D:7)
  3 water moccasins (Lair:1)
  3 acid dragons
  3 black bears
  2 orc warriors
  A sky beast (D:8)
  2 ice beasts
  An ogre (D:5)
  4 centaurs
  A lemure (D:4)
  6 phantoms
  2 bullfrogs (D:8)
  A kobold brigand (D:8)
  A scorpion (D:7)
  A necrophage (D:4)
  2 troll zombies (D:10)
  9 killer bees
  3 howler monkeys
  5 jellies
  5 orc priests
  5 hounds
  Crazy Yiuf (D:6)
  Natasha (D:3)
  5 iguanas
  8 orc wizards
  4 ogre zombies (D:10)
  3 adders
  A shadow imp (D:8)
  2 worms
  3 dart slugs
  33 orcs
  10 endoplasms
  4 giant cockroaches
  9 goblins
  11 hobgoblins
  10 jackals
  3 quokkas
  6 ball pythons
  A bat (D:2)
  3 frilled lizards
  A goblin skeleton (D:10)
  4 goblin zombies (D:10)
  A hobgoblin skeleton (D:10)
  A hobgoblin zombie (D:10)
  9 kobolds
  12 orc zombies (D:10)
  5 rats
231 creatures vanquished.

Vanquished Creatures (others)
  2 plants (D:10)
2 creatures vanquished.

Grand Total: 233 creatures vanquished

Notes
Turn   | Place    | Note
-------+----------+-------------------------------------------
     0 | D:1      | markstv82 the Human Ice Elementalist began the quest for
                  | the Orb.
     0 | D:1      | Reached XP level 1. HP: 13/13 MP: 3/3
   329 | D:1      | Reached XP level 2. HP: 13/19 MP: 3/5
   527 | D:1      | Reached XP level 3. HP: 16/24 MP: 6/6
   615 | D:1      | Found a faded altar of an unknown god.
   624 | D:1      | Prayed at the altar of an unknown god.
   624 | D:1      | Became a worshipper of Ashenzari the Shackled
  1327 | D:2      | Reached XP level 4. HP: 28/30 MP: 8/8
  1604 | D:2      | Reached * piety under Ashenzari
  1605 | D:2      | Gained mutation: You are dopey. (Int -2) [potion of
                  | mutation]
  1605 | D:2      | Gained mutation: You are robust. (+10% HP) [potion of
                  | mutation]
  1605 | D:2      | Gained mutation: You have hidden genetic potential. [potion
                  | of mutation]
  1605 | D:2      | Gained mutation: You are partially covered in large bone
                  | plates. (SH +4) [potion of mutation]
  1872 | D:2      | Reached skill level 5 in Ice Magic
  2238 | D:3      | Reached ** piety under Ashenzari
  2253 | D:3      | Lost mutation: You are partially covered in large bone
                  | plates. (SH +4) [potion of mutation]
  2253 | D:3      | Lost mutation: You are robust. (+10% HP) [potion of
                  | mutation]
  2253 | D:3      | Gained mutation: You expend magic power (3 MP) to
                  | strengthen your wands. [potion of mutation]
  2275 | D:3      | Identified the +0 robe "Ytuet" {SInv Archmagi}
  2380 | D:3      | Reached XP level 5. HP: 32/35 MP: 9/9
  2380 | D:3      | Gained mutation: Your movements are slightly less
                  | encumbered by armour. (ER -2) [hidden potential]
  2489 | D:3      | Noticed Natasha
  2497 | D:3      | Killed Natasha
  2826 | D:3      | Reached XP level 6. HP: 41/41 MP: 11/11
  2832 | D:3      | Lost mutation: You are dopey. (Int -2) [hidden potential]
  2832 | D:3      | Lost mutation: You have hidden genetic potential. [hidden
                  | potential expressed]
  2887 | D:3      | Noticed Natasha
  2945 | D:3      | Found a shadowy altar of Dithmenos.
  2947 | D:3      | Found an ancient bone altar of Kikubaaqudgha.
  2947 | D:3      | Found a bloodstained altar of Trog.
  2950 | D:3      | Found a burning altar of Makhleb.
  2950 | D:3      | Found a shimmering altar of Xom.
  2950 | D:3      | Found a shimmering blue altar of Sif Muna.
  2963 | D:3      | Lost mutation: Your movements are slightly less encumbered
                  | by armour. (ER -2) [potion of mutation]
  2963 | D:3      | Lost mutation: You expend magic power (3 MP) to strengthen
                  | your wands. [potion of mutation]
  2963 | D:3      | Gained mutation: You are occasionally teleported next to
                  | monsters. [potion of mutation]
  2963 | D:3      | Gained mutation: You occasionally shout uncontrollably at
                  | your foes. [potion of mutation]
  2963 | D:3      | Gained mutation: You are agile. (Dex +2) [potion of
                  | mutation]
  3042 | D:4      | Noticed a black bear
  3051 | D:4      | Killed a black bear
  3203 | D:4      | Learned a level 3 spell: Frozen Ramparts
  3207 | D:4      | Learned a level 3 spell: Ozocubu's Armour
  3542 | D:4      | Noticed Pikel
  3556 | D:4      | Killed Pikel
  3557 | D:4      | Reached skill level 5 in Spellcasting
  3557 | D:4      | Reached skill level 6 in Ice Magic
  3557 | D:4      | Reached XP level 7. HP: 34/46 MP: 6/15
  3557 | D:4      | Reached XP level 8. HP: 39/52 MP: 6/16
  4240 | D:5      | Entered Level 5 of the Dungeon
  4309 | D:5      | Reached skill level 7 in Ice Magic
  4679 | D:5      | Reached skill level 1 in Throwing
  4741 | D:5      | Lost mutation: You occasionally shout uncontrollably at
                  | your foes. [potion of mutation]
  4741 | D:5      | Lost mutation: You are agile. (Dex +2) [potion of mutation]
  4741 | D:5      | Lost mutation: You are occasionally teleported next to
                  | monsters. [potion of mutation]
  4741 | D:5      | Gained mutation: Your magical capacity is low. (-10% MP)
                  | [potion of mutation]
  4741 | D:5      | Gained mutation: You are strong-willed. (Will+) [potion of
                  | mutation]
  5171 | D:5      | Reached XP level 9. HP: 58/58 MP: 16/16
  5289 | D:5      | Found Boohih's Antique Armour Shop.
  5592 | D:6      | Found a runed translucent door.
  5593 | D:6      | Noticed Crazy Yiuf
  5637 | D:6      | Killed Crazy Yiuf
  5814 | D:6      | Found Unigh's Weapon Shoppe.
  5994 | D:6      | Reached *** piety under Ashenzari
  6392 | D:7      | Reached skill level 8 in Ice Magic
  6650 | D:7      | Found a staircase to the Ecumenical Temple.
  6656 | Temple   | Entered the Ecumenical Temple
  7046 | D:7      | Reached skill level 1 in Axes
  7193 | D:8      | Noticed a seven-headed hydra
  7209 | D:8      | Killed a five-headed hydra
  7210 | D:8      | Reached skill level 1 in Fighting
  7304 | D:8      | Noticed Maggie
  7311 | D:8      | Reached XP level 10. HP: 52/65 MP: 16/19
  7317 | D:8      | Killed Maggie
  7670 | D:8      | Reached skill level 9 in Ice Magic
  8236 | D:8      | Noticed a two-headed ogre
  8247 | D:8      | Killed a two-headed ogre
  8603 | D:8      | Reached **** piety under Ashenzari
  8719 | D:9      | Reached skill level 10 in Ice Magic
  8721 | D:9      | Reached XP level 11. HP: 43/75 MP: 6/23
  9125 | D:9      | Noticed Harold
  9143 | D:9      | Killed Harold
  9633 | D:10     | Entered Level 10 of the Dungeon
  9642 | D:10     | Paralysed by a hornet for 3 turns
  9646 | D:10     | Reached skill level 10 in Spellcasting
  9890 | D:10     | Noticed Maurice
  9941 | D:10     | Killed Maurice
 10103 | D:10     | Found a staircase to the Orcish Mines.
 10475 | D:10     | Found a staircase to the Lair.
 10555 | D:10     | Noticed a two-headed ogre
 10568 | D:10     | Killed a two-headed ogre
 10977 | D:10     | Reached skill level 5 in Axes
 11547 | Lair:1   | Entered Level 1 of the Lair of Beasts
 11601 | Lair:1   | Reached skill level 11 in Ice Magic
 11737 | Lair:1   | Noticed a seven-headed hydra
 11750 | Lair:1   | Killed a three-headed hydra
 11813 | Lair:1   | Found a dark tunnel.
 11820 | Volcano  | Entered a volcano
 11829 | Volcano  | Reached skill level 5 in Stealth
 11841 | Volcano  | Noticed a hell knight
 11849 | Volcano  | Slain by a hell knight

Illustrated notes

Levels and vault maps discovered:
D:1:      pf_arrival_petrified_forest, layout_rooms,
          hellmonk_ecumenical_altar_pennies_from_heaven
D:2:      layout_loops_ring, minmay_misc_feat_doors
D:3:      layout_loops_ring, doesnt_xom_only_xom, kennysheep_generic_room_8,
          uniq_natasha
D:4:      layout_cave_pods, uniq_pikel
D:5:      layout_basic, serial_shops, nicolae_shop_window_shopping
D:6:      layout_loops_ring, serial_shops, shop, minmay_holes,
          uniq_crazy_yiuf_cottage
D:7:      layout_rooms, temple_statues
D:8:      layout_basic, minmay_crossroads, uniq_maggie
D:9:      layout_gridville, st_stairs_2, uniq_harold
D:10:     layout_long_grid, david_lair_shrubbed, zombieorc1_lemuel,
          grunt_ministairs_6, hangedman_decor_riveting,
          kennysheep_generic_room_13, uniq_maurice
Temple:   nicolae_temple_the_god_donut
Lair:1:   minmay_lair_oklob_tunnel, layout_small_grid,
          nicolae_volcano_entry_s_turn, infiniplex_staircase_pool_2
Volcano:  volcano_caves

Skill      XL: |  1  2  3  4  5  6  7  8  9 10 11 |
---------------+----------------------------------+-----
Ice Magic      | 5 6 7 8 10 11 | 11.1
Spellcasting   | 3 5 6 7 9 10 | 10.7
Stealth        | 3 4 5 |  5.0
Throwing       | 1 2 3 |  3.8
Dodging        | 3 4 |  4.3
Axes           | 2 3 5 |  5.0
Fighting       | 1 2 |  2.8
Short Blades   | |  0.4
Evocations     | |  0.8

Action                   |  1- 3 |  4- 6 |  7- 9 | 10-12 || total
-------------------------+-------+-------+-------+-------++-------
Melee: Dagger            |     1 |    11 |    31 |       ||    43
       Punch             |       |       |     1 |     1 ||     2
       Hand axe          |       |       |    38 |   127 ||   165
Throw: Boomerang         |       |       |    42 |       ||    42
       Stone             |       |       |     1 |    17 ||    18
       Dart              |       |       |       |    42 ||    42
 Cast: Freeze            |    61 |    75 |   112 |   105 ||   353
       Frozen Ramparts   |       |     2 |     9 |    25 ||    36
       Ozocubu's Armour  |       |     1 |     3 |    14 ||    18
Invok: Curse Item        |     1 |     3 |     2 |     3 ||     9
       Shatter the Chain |       |     1 |     1 |       ||     2
Evoke: Wand              |       |       |     9 |     1 ||    10
  Use: Potion            |       |     3 |     1 |     2 ||     6
       Scroll            |       |       |     2 |     3 ||     5
 Stab: Sleeping          |       |     9 |     8 |     4 ||    21
Armor: Robe              |    12 |    18 |    42 |    90 ||   162
Dodge: Dodged            |    27 |    35 |   114 |   163 ||   339
Block: Other             |       |     1 |       |       ||     1

Table legend: (Time is in decaauts)
 A = Elapsed time spent in this place.
 B = Non-inter-level travel time spent in this place.
 C = Inter-level travel time spent in this place.
 D = Time resting spent in this place.
 E = Time spent auto-exploring this place.
 F = Levels seen in this place.
 G = Mean time per level.
                   A        B        C        D        E       F      G
               +--------+--------+--------+--------+--------+-----+--------+
         Total |  11892 |  11891 |      1 |   3768 |   2324 |  13 |  914.8 |
       Dungeon |  11488 |  11487 |      1 |   3644 |   2324 |  10 | 1148.8 |
        Temple |     96 |     96 |      0 |      0 |      0 |   1 |   96.0 |
          Lair |    277 |    277 |      0 |    124 |      0 |   1 |  277.0 |
       Volcano |     28 |     28 |      0 |      0 |      0 |   1 |   28.0 |
               +--------+--------+--------+--------+--------+-----+--------+

Top non-repeatable levels by time:
    D:10: 1920 daAuts
     D:8: 1493 daAuts
     D:1: 1292 daAuts
     D:4: 1204 daAuts
     D:5: 1085 daAuts
     D:6: 995 daAuts
     D:9: 957 daAuts
     D:2: 939 daAuts
     D:3: 844 daAuts
     D:7: 755 daAuts
  Lair:1: 277 daAuts
  Temple: 96 daAuts
 Volcano: 28 daAuts
